AoeStats
← 文風

African Clearing

506741332Analyzed
3v3 RM · 17d ago on Sep 14, 2026· 46m 0s· 6 players
Game mode
Random Map
Map size
Normal (6 player)
Population
200
Speed
Normal
Resources
Standard
Victory
Conquest
Starting age
Dark Age
Ending age
Imperial Age
RankedLock teamsTeams togetherTeam positionsShared explorationLock speedFull tech treeHidden civsTurbo modeCheats
Victory
Defeat
🇦🇷 Mongols · Argentina
1550
+10
🇦🇷 Poles · Argentina
1547
+10
🇦🇷 Huns · Argentina
1455
+13
🇦🇷 Goths · Argentina
1446
-13
🇭🇰 Italians · Hong Kong SAR China
1404
-11
🇨🇱 Persians · Chile
1353
-9
APs | PrimoMcFly
3:33 Loom
32:20 Feudal Age
39:37 Double-Bit Axe
39:43 Town Watch
43:05 Castle Age
41:27 Scale Barding Armor
41:27 Gold Mining
41:22 Horse Collar
42:10 Bloodlines
42:56 Wheelbarrow
43:37 Forging
44:17 Bow Saw
44:49 Chain Barding Armor
APs | Power to the People
11:25 Feudal Age
10:14 Loom
15:26 Castle Age
14:25 Double-Bit Axe
15:07 Loom
17:16 Fletching
19:48 Gold Mining
27:54 Town Watch
34:53 Padded Archer Armor
37:15 Bodkin Arrow
39:00 Leather Archer Armor
43:50 Bow Saw
44:47 Scale Barding Armor
45:15 Forging
45:46 Wheelbarrow
47:48 Imperial Age
46:39 Chain Barding Armor
APs | fleita
12:00 Loom
14:29 Feudal Age
15:46 Fishing Lines
16:57 Wheelbarrow
16:22 Double-Bit Axe
19:54 Horse Collar
23:12 Castle Age
22:27 Bloodlines
22:58 Scale Barding Armor
23:12 Forging
25:01 Gillnets
32:03 Chain Barding Armor
32:01 Hand Cart
33:28 Iron Casting
35:07 Scale Mail Armor
35:11 Squires
35:28 Stone Mining
35:30 Gold Mining
38:26 Imperial Age
37:02 Chain Mail Armor
38:52 Stone Shaft Mining
40:05 Coinage
40:47 Chemistry
39:18 Onager
39:26 Elite Obuch
40:17 Siege Engineers
40:39 Treadmill Crane
41:20 Ballistics
41:31 Conscription
42:39 Banking
44:13 Plate Mail Armor
44:43 Blast Furnace
45:29 Fletching
Drogadiccionman
8:43 Loom
11:07 Feudal Age
11:42 Double-Bit Axe
19:52 Castle Age
21:34 Husbandry
27:12 Horse Collar
31:08 Scale Barding Armor
32:08 Wheelbarrow
33:13 Bloodlines
34:40 Hand Cart
文風
22:08 Loom
25:36 Feudal Age
41:56 Castle Age
NotResignFast
6:29 Loom
12:28 Feudal Age
16:34 Castle Age
15:43 Double-Bit Axe
17:47 Bow Saw
25:29 Squires
29:51 Horse Collar
31:35 Heavy Plow
32:47 Wheelbarrow
33:37 Scale Mail Armor
33:33 Fletching
34:26 Hand Cart
34:50 Ballistics
35:43 Chain Mail Armor
37:11 Anarchy
43:54 Imperial Age
41:47 Forging
41:42 Gold Mining
41:31 Pikeman
43:26 Iron Casting
43:17 Bodkin Arrow
44:58 Bracer
46:03 Chemistry
46:40 Blast Furnace
Connection lost

Rejoining the realm…

Still unreachable

The connection could not be restored.

Session expired

The server has moved on; the page needs a fresh start.